 Dungeon Crawl Stone Soup version 0.23-a0-321-g6bcb69f (webtiles) character file.

408 Amnesiac the Geomancer (level 6, 0/49 HPs)
             Began as a Deep Dwarf Earth Elementalist on Oct 15, 2018.
             Was an Initiate of Ru.
             Slain by an orc
             ... wielding a +0 hand axe
              (6 damage)
             ... on level 2 of the Dungeon.
             The game lasted 00:06:37 (1439 turns).

Amnesiac the Geomancer (DDEE)                       Turns: 1439, Time: 00:06:38

Health: 0/49       AC:  5    Str: 12    XL:     6   Next: 57%
Magic:  4/11       EV: 12    Int: 17    God:    Ru [......]
Gold:   70         SH:  0    Dex: 13    Spells: 0/12 levels left

rFire    . . .     SeeInvis .   a - +0 dagger
rCold    . . .     Gourm    .   (no shield)
rNeg     . . .     Faith    .   q - +0 leather armour
rPois    .         Spirit   .   (no helmet)
rElec    .         Reflect  .   l - +0 cloak
rCorr    .         Harm     .   (no gloves)
MR       .....                  k - +0 pair of boots
Stlth    ++........             (no amulet)
HPRegen  0.00/turn              (no ring)
MPRegen  0.12/turn              (no ring)

@: very slightly contaminated, non-regenerating
A: damage resistance, heal wounds, sense surroundings 1, no regeneration
a: Heal Wounds, Renounce Religion


You were on level 2 of the Dungeon.
You worshipped Ru.
Ru was noncommittal.
You were hungry.

You visited 1 branch of the dungeon, and saw 5 of its levels.

You collected 70 gold pieces.

Inventory:

Hand Weapons
 a - a +0 dagger (weapon)
 b - a +0 short sword
Missiles
 e - 75 stones (quivered)
Armour
 k - a +0 pair of boots (worn)
 l - a +0 cloak (worn)
 q - a +0 leather armour (worn)
Wands
 o - a wand of acid (4)
Scrolls
 c - a scroll of fog {!r, unknown}
 g - 2 scrolls of teleportation {!r}
 i - a scroll of remove curse {!r}
 m - a scroll of enchant weapon {!r, unknown}
 n - a scroll of blinking {!r, unknown}
Potions
 f - a potion of curing {!q}
 h - a potion of mutation {!q, unknown}
 p - a potion of degeneration {!q, unknown}
Comestibles
 d - 2 rations
 j - 3 chunks of flesh


   Skills:
 - Level 2.4 Dodging
 - Level 2.4 Stealth
 + Level 3.6 Spellcasting
 - Level 0.8 Transmutations
 * Level 8.3 Earth Magic


You couldn't memorise any spells.
You knew the following spells:

 Your Spells              Type           Power        Failure   Level  Hunger
a - Sandblast             Erth           ####..       1%          1    None
b - Passwall              Tmut/Erth      ###.....     4%          2    ##.....
d - Lee's Rapid Deconstr  Erth           ####......   19%         5    ######.
e - Petrify               Tmut/Erth      ###.....     30%         4    ####...

Your spell library contained the following spells:

 Spells                   Type           Power        Failure   Level  Hunger
 Stone Arrow              Conj/Erth      ###...       11%         3    ###....


Dungeon Overview and Level Annotations

Branches:
Dungeon (5/15)
 Temple: D:4-7

Altars:
Gozag
Nemelex Xobeh
Ru
Zin
The Shining One

Annotations:
D:4 Edmund


Innate Abilities, Weirdness & Mutations

You are resistant to damage.
You can heal yourself by infusing magical energy.
You passively map a small area around you.
You do not regenerate.


Message History

Edmund is moderately wounded.
The helpless Edmund fails to defend himself.
You hit Edmund.
Edmund is moderately wounded.
The helpless Edmund fails to defend himself.
You hit Edmund.
Edmund is moderately wounded.
Some of the chunks of flesh in your inventory have rotted away.
You see here a +0 rapier.
There is a stone staircase leading up here.
Casting: Petrify (quite dangerous; 30% risk of failure)
Confirm with . or Enter, or press ? or * to list all spells.
Aiming: Petrify (quite dangerous; 30% risk of failure)
Press: ? - help, Shift-Dir - straight line, f/p - Edmund
Aim: Edmund, wielding a +2 dire flail of crushing and wearing a +0 leather Edmund resists with some effort.
Unknown command.
(D) Dungeon
Where to? (Enter - D:1, ? - help) Edmund is too close now for your liking.
Casting: Petrify (quite dangerous; 30% risk of failure)
Confirm with . or Enter, or press ? or * to list all spells.
Aiming: Petrify (quite dangerous; 30% risk of failure)
Press: ? - help, Shift-Dir - straight line, f/p - Edmund
Aim: Edmund, wielding a +2 dire flail of crushing and wearing a +0 leather Edmund resists with some effort.
You are feeling hungry.
Edmund says, "Everyone always remembers my brother. 'Who's Edmund?' they ask!"
The leopard gecko hisses angrily.
Casting: Petrify (quite dangerous; 30% risk of failure)
Confirm with . or Enter, or press ? or * to list all spells.
Aiming: Petrify (quite dangerous; 30% risk of failure)
Press: ? - help, Shift-Dir - straight line, f/p - Edmund
Aim: Edmund, wielding a +2 dire flail of crushing and wearing a +0 leather You miscast Petrify.
You are very lightly contaminated with residual magic.
You feel a strange surge of energy! Edmund hits you but does no damage.
Edmund mutters, "Who needs spells, anyway?"
The leopard gecko barely misses you. The leopard gecko bites you.
Edmund says, "I might not be good at magic, but I can still kill you!"
The leopard gecko completely misses you.
Found a bubbling amethyst potion.
The leopard gecko closely misses you.
There is a stone staircase leading up here.
The leopard gecko bites you.
* * * LOW HITPOINT WARNING * * *
The leopard gecko bites you.
* * * LOW HITPOINT WARNING * * *
You climb upwards.
The orc wizard shouts!
The orc shouts! x2
An orc comes into view. It is wielding a +0 hand axe.
You hear a shout!
The orc misses you.
There is a stone staircase leading down here.
You see here a stone.
The leopard gecko barely misses you.
There is a stone staircase leading up here.
The leopard gecko bites you.
* * * LOW HITPOINT WARNING * * *
You climb upwards.
The orc shouts! x2; You hear a shout! x2
The orc hits you with a +0 hand axe!
You die...

,* #...# *, ,
,.####...##### ,*
.............#####
,
o................#
* , ,
#............###.#,
,. ..####...#####
#o# .# ,,# * #...#
#.###..# , #lo.#
#.......
#@o.#######..##...
##...o..........S.
, * *
#.########)....>. ,
* , ...# ##.#.#..
,...### .#....
#g##. ...... #, # *
* * ####.. , , ## *
* ** * *


You could see 3 orcs and a leopard gecko.

Vanquished Creatures
  Eustachio (D:4)
  2 howler monkeys (D:4)
  A hound (D:4)
  A bullfrog skeleton (D:4)
  An orc priest (D:2)
  An orc wizard (D:4)
  4 adders
  2 dart slugs
  A worm (D:2)
  A leopard gecko (D:4)
  6 orcs
  3 bats
  A giant cockroach (D:2)
  2 goblins
  3 hobgoblins
  3 kobolds (D:1)
  A ball python (D:2)
  A frilled lizard (D:1)
  4 rats
39 creatures vanquished.

Notes
Turn   | Place    | Note
-------+----------+-------------------------------------------
     0 | D:1      | Amnesiac the Deep Dwarf Earth Elementalist began the quest
                  | for the Orb.
     0 | D:1      | Reached XP level 1. HP: 15/15 MP: 3/3
     2 | D:1      | Noticed an ogre
     2 | D:1      | Noticed a minotaur
     4 | D:1      | Noticed a human
     4 | D:1      | Noticed a ghoul
     6 | D:1      | Noticed a merfolk
     6 | D:1      | Noticed a spriggan
     8 | D:1      | Noticed a vine stalker
     8 | D:1      | Noticed a vampire
    10 | D:1      | Noticed a draconian
    10 | D:1      | Noticed a felid
    12 | D:1      | Noticed an octopode
    12 | D:1      | Noticed a naga
    14 | D:1      | Noticed a demigod
    16 | D:1      | Noticed a gargoyle
    18 | D:1      | Noticed a dwarf
    18 | D:1      | Noticed a halfling
    20 | D:1      | Noticed a tengu
    20 | D:1      | Noticed a centaur
    22 | D:1      | Noticed a troll
    22 | D:1      | Noticed a formicid
    24 | D:1      | Noticed a demonspawn
    26 | D:1      | Noticed an elf
   147 | D:1      | Reached XP level 2. HP: 13/22 MP: 2/4
   161 | D:1      | Learned a level 2 spell: Passwall
   557 | D:2      | Reached skill level 5 in Earth Magic
   557 | D:2      | Reached XP level 3. HP: 26/28 MP: 3/6
   648 | D:4      | Reached skill level 6 in Earth Magic
   648 | D:4      | Reached XP level 4. HP: 34/36 MP: 4/7
   744 | D:4      | Reached XP level 5. HP: 32/42 MP: 2/9
   756 | D:4      | Learned a level 5 spell: Lee's Rapid Deconstruction
   804 | D:4      | Reached skill level 7 in Earth Magic
   848 | D:5      | Entered Level 5 of the Dungeon
   914 | D:4      | Noticed Eustachio
   914 | D:4      | Noticed an ogre
   936 | D:4      | Noticed Edmund
  1039 | D:4      | Killed Eustachio
  1039 | D:4      | Reached XP level 6. HP: 14/49 MP: 2/11
  1147 | D:4      | Reached skill level 8 in Earth Magic
  1216 | D:4      | Found a glowing silver altar of Zin.
  1217 | D:4      | Found an opulent altar of Gozag.
  1280 | D:3      | Found a sacrificial altar of Ru.
  1280 | D:3      | Found a glowing golden altar of the Shining One.
  1285 | D:3      | Found a faded altar of an unknown god.
  1287 | D:3      | Found a sparkling altar of Nemelex Xobeh.
  1288 | D:3      | Found a faded altar of an unknown god.
  1311 | D:3      | Became a worshipper of Ru the Awakened
  1363 | D:4      | Learned a level 4 spell: Petrify
  1439 | D:2      | Slain by an orc

Vault maps used:
D:1:      kb_arrival_jail, minmay_distorted
D:2:      nicolae_overflow_hidden_temple
D:3:      chequers_temple_overflow_minitemple, serial_aquarium,
          aquarium_bridge_square, aquarium_bridge_long_separate,
          aquarium_window_1, aquarium_window_corridor_3, aquarium_view_2c,
          uniq_ijyb
D:4:      grunt_temple_overflow_gold_and_silver, uniq_eustachio, uniq_edmund
D:5:      nicolae_qazlal_general_emergency, lemuel_doored_altar, first_ration,
          ebering_ghost_reflecting_pool, uniq_grinder

Skill      XL: |  1  2  3  4  5  6 |
---------------+-------------------+-----
Spellcasting   | 2 3 |  3.6
Earth Magic    | 5 6 7 8 |  8.3
Dodging        | |  2.4
Stealth        | |  2.4
Transmutations | |  0.8

Action                   |  1- 3 |  4- 6 || total
-------------------------+-------+-------++-------
Melee: Short sword       |    22 |       ||    22
       Dagger            |       |     7 ||     7
 Cast: Sandblast         |    22 |    39 ||    61
       Passwall          |     1 |       ||     1
       Petrify           |       |     3 ||     3
  Use: Scroll            |     3 |       ||     3
       Potion            |     1 |       ||     1
 Stab: Sleeping          |     2 |       ||     2
       Petrified         |       |     6 ||     6
       Petrifying        |       |     1 ||     1
  Eat: Chunk             |       |     2 ||     2
Armor: Robe              |     5 |     1 ||     6
       Leather armour    |       |     9 ||     9
Dodge: Dodged            |    11 |    35 ||    46

Table legend:
 A = Non-vault XP
 B = Vault XP
 C = Vault XP percentage of total XP
 D = Non-vault monster count
 E = Vault monster count
 F = Vault count percentage of total count
                 A         B        C        D         E       F
            +---------+---------+-------+---------+---------+-------
      Total |     381 |     202 |  34.6 |      34 |       5 |  12.8
            +---------+---------+-------+---------+---------+-------
        D:1 |      15 |       6 |  28.6 |       7 |       4 |  36.4
        D:2 |      70 |       0 |   0.0 |      10 |       0 |   0.0
        D:3 |      25 |       0 |   0.0 |       6 |       0 |   0.0
        D:4 |     271 |     196 |  42.0 |      11 |       1 |   8.3
            +---------+---------+-------+---------+---------+-------
